 Dungeon Crawl Stone Soup version 0.29-a0-1027-gcd8c55af63 (webtiles) character file.

Game seed: 12059606594707656165

202 Pelinal the Chiller (level 5, -6/52 HPs)
             Began as a Merfolk Ice Elementalist on Aug 12, 2022.
             Mangled by an iguana (10 damage)
             ... on level 4 of the Dungeon.
             The game lasted 00:06:18 (3854 turns).

Pelinal the Chiller (Merfolk Ice Elementalist)      Turns: 3854, Time: 00:06:19

Health: -6/52      AC:  5    Str:  8    XL:     5   Next: 80%
Magic:  17/18      EV: 12    Int: 16    God:
Gold:   244        SH:  0    Dex: 15    Spells: 0/10 levels left

rFire   . . .      SeeInvis .   a - +1 dagger
rCold   . . .      Faith    .   (no shield)
rNeg    . . .      Spirit   .   t - +1 robe of Katae {MP+9}
rPois   .          Reflect  .   s - +0 helmet
rElec   .          Harm     .   q - +0 cloak
rCorr   .          Rampage  .   (no gloves)
Will    .....                   (no boots)
Stlth   ..........              (no amulet)
HPRegen 0.17/turn               (no ring)
MPRegen 0.16/turn               (no ring)

@: berserking, very quick
A: (nimble swimmer 2), mertail
a: no special abilities


You were on level 4 of the Dungeon.
You visited 1 branch of the dungeon, and saw 4 of its levels.

You collected 244 gold pieces.

Inventory:

Hand Weapons
 a - a +1 dagger (weapon)
 b - a +0 sling
Missiles
 i - 10 poisoned darts (quivered)
 o - 5 datura-tipped darts
Armour
 q - a +0 cloak (worn)
 r - a +0 robe
 s - a +0 helmet (worn)
 t - the +1 robe of Katae (worn) {MP+9}
   (You found it on level 3 of the Dungeon)

   MP:        It affects your magic capacity (+9).
Jewellery
 m - an amulet of guardian spirit
Scrolls
 c - 3 scrolls of poison
 f - a scroll of blinking
 g - 5 scrolls of identify
 h - 2 scrolls of enchant weapon
 l - 2 scrolls of teleportation {unknown}
 v - a scroll of immolation {unknown}
Potions
 d - 2 potions of berserk rage
 e - a potion of curing {unknown}
 j - 2 potions of attraction {unknown}
 k - a potion of brilliance {unknown}
 n - a potion of lignification {unknown}
 p - 2 potions of magic
 u - 2 potions of flight {unknown}


   Skills:
 - Level 2.6 Dodging
 - Level 2.1 Stealth
 * Level 3.1 Spellcasting
 + Level 1.4 Transmutations
 * Level 6.7 Ice Magic


You couldn't memorise any spells.
You knew the following spells:

 Your Spells              Type           Power      Damage    Failure   Level
a - Freeze                Ice            96%        1d11      1%          1
b - Frozen Ramparts       Ice            48%        1d8       3%          3
c - Ozocubu's Armour      Ice            24%        N/A       3%          3
d - Beastly Appendage     Tmut           14%        N/A       11%         1
z - Wereblood             Tmut           7%         N/A       16%         2

Your spell library contained the following spells:

 Spells                   Type           Power      Damage    Failure   Level
 Spider Form              Tmut/Pois      4%         N/A       38%         3
 Hailstorm                Conj/Ice       13%        3d5       43%         4
 Inner Flame              Hex/Fire       2%         N/A       50%         3
 Cause Fear               Hex            1%         N/A       88%         4
 Discord                  Hex            1%         N/A       100%        8


Dungeon Overview and Level Annotations

Branches:
Dungeon (4/15)
 Temple: D:4-7

Altars:


Innate Abilities, Weirdness & Mutations

((You are very nimble when in or above water. (Stealth+, EV+, Speed+++)))
Your lower body shifts to a powerful aquatic tail in water.


Message History

There is an open door here.
Found a stone staircase leading down.
You open the door.
There is an open door here.
You open the door.
An iguana comes into view.
An iguana is nearby!
Found 12 gold pieces.
There is an open door here.
The iguana hisses angrily.
You hit the iguana.
The iguana is moderately wounded.
The iguana barely misses you.
You hit the iguana but do no damage.
The iguana is moderately wounded.
The iguana bites you.
You hit the iguana but do no damage.
The iguana is moderately wounded.
The iguana bites you.
You barely miss the iguana.
The iguana is moderately wounded.
The iguana bites you!
Casting: Freeze (safe; 1% risk of failure)
Confirm with . or Enter, or press ? or * to list all spells.
Aiming: Freeze (safe; 1% risk of failure)
Press: ? - help, Shift-Dir - straight line, f - iguana
Aim: an iguana (moderately wounded)
You freeze the iguana.
The iguana is heavily wounded.
The iguana bites you.
* * * LOW HITPOINT WARNING * * *
A red film seems to cover your vision as you go berserk!
You feel yourself moving faster!
You feel mighty! The iguana bites you!
* * * LOW HITPOINT WARNING * * *
You hit the iguana.
The iguana is severely wounded.
You closely miss the iguana.
The iguana is severely wounded.
The iguana bites you!
You die...

...#
#......................
...#
#......................
...#
#......................
...#
#......................
...#
########...##...###....#
.###
......$#...##...###....#
.#
.......#....#.....#.....
.#
.......#....'.....#.....
.#
......l@....#.>...#.....
.##
.......#...##...########
..#
.....########...###..###
..# ....
..............#. ..# ...
..............#. ..# ..
..............#. ..# .
..............'. ..#
################ ###


You could see an iguana.

Vanquished Creatures
  A necrophage (D:4)
  7 adders
  2 worms
  2 dart slugs
  4 orcs (D:4)
  4 endoplasms
  3 giant cockroaches
  5 goblins
  6 hobgoblins
  14 kobolds
  A quokka (D:2)
  6 ball pythons
  2 bats (D:1)
  A frilled lizard (D:3)
  4 rats
62 creatures vanquished.

Notes
Turn   | Place    | Note
-------+----------+-------------------------------------------
     0 | D:1      | Pelinal the Merfolk Ice Elementalist began the quest for
                  | the Orb.
     0 | D:1      | Reached XP level 1. HP: 13/13 MP: 3/3
   255 | D:1      | Reached XP level 2. HP: 19/19 MP: 1/5
   397 | D:1      | Reached skill level 5 in Ice Magic
   886 | D:1      | Reached XP level 3. HP: 14/24 MP: 0/6
  1831 | D:2      | Found a faded altar of an unknown god.
  2364 | D:3      | Identified the +1 robe of Katae {MP+9}
  2525 | D:3      | Learned a level 2 spell: Wereblood
  2537 | D:3      | Reached skill level 6 in Ice Magic
  2553 | D:3      | Reached XP level 4. HP: 24/30 MP: 7/7
  2703 | D:3      | Learned a level 3 spell: Frozen Ramparts
  3380 | D:4      | Reached XP level 5. HP: 35/35 MP: 8/8
  3384 | D:4      | Learned a level 3 spell: Ozocubu's Armour
  3543 | D:4      | Reached skill level 1 in Transmutations
  3683 | D:4      | Learned a level 1 spell: Beastly Appendage
  3854 | D:4      | Mangled by an iguana

Illustrated notes

Levels and vault maps discovered:
D:1:      psy_arrival_dodecagon, layout_basic
D:2:      layout_basic, shapermc_ecumenical_altar_petra
D:3:      layout_rooms
D:4:      layout_gridville

Skill      XL: |  1  2  3  4  5 |
---------------+----------------+-----
Ice Magic      | 5 6 |  6.7
Spellcasting   | 3 |  3.1
Transmutations | 1 |  1.4
Dodging        | |  2.6
Stealth        | |  2.1

Action                   |  1- 3 |  4- 6 || total
-------------------------+-------+-------++-------
Melee: Mace              |     8 |       ||     8
       Unarmed           |     1 |       ||     1
       Short sword       |    21 |       ||    21
       Dagger            |    23 |    68 ||    91
       Punch             |       |     1 ||     1
 Fire: Sling             |     1 |       ||     1
Throw: Dart              |     3 |       ||     3
 Cast: Freeze            |    53 |    21 ||    74
       Frozen Ramparts   |       |     4 ||     4
       Ozocubu's Armour  |       |     1 ||     1
  Use: Scroll            |     4 |       ||     4
       Potion            |       |     1 ||     1
Armor: Robe              |    24 |    31 ||    55
Dodge: Dodged            |    79 |    47 ||   126

Table legend: (Time is in decaauts)
 A = Elapsed time spent in this place.
 B = Non-inter-level travel time spent in this place.
 C = Inter-level travel time spent in this place.
 D = Time resting spent in this place.
 E = Time spent auto-exploring this place.
 F = Levels seen in this place.
 G = Mean time per level.
                   A        B        C        D        E       F      G
               +--------+--------+--------+--------+--------+-----+--------+
         Total |   3855 |   3713 |    142 |    896 |   2068 |   4 |  963.8 |
       Dungeon |   3855 |   3713 |    142 |    896 |   2068 |   4 |  963.8 |
               +--------+--------+--------+--------+--------+-----+--------+

Top non-repeatable levels by time:
     D:1: 1240 daAuts
     D:2: 1079 daAuts
     D:4: 830 daAuts
     D:3: 706 daAuts
